 Dungeon Crawl Stone Soup version 0.28-a0-1493-g08698888e4 (webtiles) character file.

Game seed: 1975599459515591542

1192 murtidash the Chopper (level 8, -1/74 HPs)
             Began as a Hill Orc Delver on Jan 13, 2022.
             Was an Initiate of Yredelemnul.
             Slain by an orc warrior (8 damage)
             ... on level 6 of the Dungeon.
             The game lasted 00:09:28 (6559 turns).

murtidash the Chopper (Hill Orc Delver)             Turns: 6559, Time: 00:09:28

Health: -1/74      AC:  3    Str: 17    XL:     8   Next: 43%
Magic:  0/8        EV: 11    Int: 10    God:    Yredelemnul [......]
Gold:   166        SH:  0    Dex: 12    Spells: 7/7 levels left

rFire   . . .      SeeInvis .   m - +3 short sword (venom)
rCold   . . .      Faith    .   (no shield)
rNeg    . . .      Spirit   +   y - +0 leather armour
rPois   +          Reflect  .   (no helmet)
rElec   .          Harm     .   (no cloak)
rCorr   .          Rampage  .   (no gloves)
Will    .....                   (no boots)
Stlth   ++........              n - amulet of guardian spirit {Spirit}
HPRegen 0.22/turn               p - ring of poison resistance {rPois, !d}
MPRegen 0.11/turn               (no ring)

@: flying, invisible
A: no striking features
a: Renounce Religion, Recall Undead Harvest


You were on level 6 of the Dungeon.
You worshipped Yredelemnul.
Yredelemnul was noncommittal.
You visited 2 branches of the dungeon, and saw 7 of its levels.

You collected 166 gold pieces.

Inventory:

Hand Weapons
 a - a +0 hand axe
 b - the +5 dagger of Spite {pain, rPois rC+}
   (You took it off a gnoll shaman on level 5 of the Dungeon)

   In the hands of one skilled in necromantic magic, it inflicts extra damage on
   living creatures.
   rC:        It protects you from cold.
   rPois:     It protects you from poison.
 m - a +3 short sword of venom (weapon)
   (You found it on level 1 of the Dungeon)
Armour
 y - a +0 leather armour (worn)
Jewellery
 n - an amulet of guardian spirit (around neck) {Spirit}
   (You found it on level 1 of the Dungeon)
 p - a ring of poison resistance (left hand) {rPois, !d}
   (You found it on level 1 of the Dungeon)
Wands
 g - a wand of digging (1)
 w - a wand of acid (7)
   (You found it on level 4 of the Dungeon)
Scrolls
 c - a scroll of fog
 d - a scroll of magic mapping {!r}
 e - 2 scrolls of fear
 i - 4 scrolls of enchant weapon {unknown}
 l - a scroll of immolation {unknown}
 o - a scroll of enchant armour {unknown}
 r - a scroll of torment {unknown}
 t - 2 scrolls of teleportation {unknown}
 u - 4 scrolls of identify {unknown}
Potions
 f - a potion of haste
 h - 2 potions of flight
 j - a potion of lignification {unknown}
 k - a potion of curing {unknown}
 v - a potion of attraction {unknown}
 z - a potion of berserk rage {unknown}


   Skills:
 + Level 7.6 Fighting
 + Level 7.7 Axes
 + Level 5.9 Armour
 - Level 1.5 Dodging
 - Level 4.1 Stealth
 - Level 1.0 Necromancy


You had 7 spell levels left.
You didn't know any spells.
Your spell library contained the following spells:

 Spells                   Type           Power      Damage    Failure   Level
 Shock                    Conj/Air       0%         1d3       41%         1
 Call Canine Familiar     Summ           0%         N/A       80%         3
 Dazzling Flash           Conj/Hex       0%         N/A       80%         3
 Portal Projectile        Hex/Tloc       0%         N/A       80%         3
 Stone Arrow              Conj/Erth      0%         3d7       80%         3
 Swiftness                Air            0%         N/A       80%         3
 Airstrike                Air            0%         N/A       99%         4
 Animate Armour           Summ/Erth      0%         N/A       99%         4
 Leda's Liquefaction      Hex/Erth       0%         N/A       99%         4
 Agony                    Necr           2%         N/A       100%        5
 Silence                  Hex/Air        0%         N/A       100%        5
 Lehudib's Crystal Spear  Conj/Erth      0%         10d2      100%        8


Dungeon Overview and Level Annotations

Branches:
Dungeon (6/15)             Temple (1/1) D:5

Altars:
Ashenzari
Cheibriados
Dithmenos
Elyvilon
Fedhas
Gozag
Hepliaklqana
Kikubaaqudgha
Makhleb
Nemelex Xobeh
Okawaru
Qazlal
Ru
Sif Muna
Trog
Uskayaw
Vehumet
Wu Jian
Xom
Yredelemnul
Zin
The Shining One


Message History

Gang up on whom?
Aim: an orc warrior, wielding a +0 glaive and wearing a +0 plate armour Attack!
Your howler monkey zombie hits the orc.
Your gnoll zombie closely misses the orc warrior.
An orc comes into view. It is wielding a +0 short sword.
The orc hits your howler monkey zombie with a +0 flail.
The orc warrior hits you from afar with a +0 glaive.
Your howler monkey zombie closely misses the orc warrior.
The orc moves out of view.
You take 5 damage, and have 68/73 hp.
You now have 7/8 mp.
You swap places.
The orc hits you with a +0 flail!
The orc warrior hits your howler monkey zombie with a +0 glaive!
Your howler monkey zombie barely misses the orc warrior.
You take 7 damage, and have 61/73 hp.
You now have 6/8 mp.
The orc priest threatens, "By the altar or by the axe, you will meet Beogh!"
You hit the orc.
You kill the orc!
The orc warrior barely misses you.
Your howler monkey zombie hits the orc warrior but does no damage.
You closely miss the orc wizard.
The orc warrior hits you with a +0 glaive!!
The orc wizard barely misses you.
Your howler monkey zombie closely misses the orc warrior.
You take 19 damage, and have 42/73 hp.
MASSIVE DAMAGE!!
You now have 4/8 mp.
You closely miss the orc warrior.
The orc warrior hits you with a +0 glaive!
The orc wizard hits you with a +0 dagger.
Your howler monkey zombie closely misses you.
The orc priest threatens, "By the altar or by the axe, you will meet Beogh!"
You take 18 damage, and have 24/73 hp.
MASSIVE DAMAGE!!
You now have 3/8 mp.
The orc warrior hits you from afar with a +0 glaive!
* * * LOW HITPOINT WARNING * * *
Your howler monkey zombie hits the orc warrior.
You take 7 damage, and have 17/73 hp.
You now have 2/8 mp.
Your gnoll zombie hits something but does no damage.
Something hits the orc priest.
The orc priest calls down the wrath of Beogh upon you.
Pain shoots through your body!
* * * LOW HITPOINT WARNING * * *
The orc priest threatens, "By the altar or by the axe, you will meet Beogh!"
You take 11 damage, and have 6/73 hp.
You now have 1/8 mp.
You feel much better.
The orc wizard barely misses something.
Your gnoll zombie barely misses something.
You regained 22 hp, and now have 28/73 hp.
You hit the orc priest.
The orc priest is poisoned.
You punch the orc priest, but do no damage.
Something hits the orc wizard.
Your gnoll zombie hits something but does no damage.
The orc wizard gestures wildly while chanting.
The orc wizard flickers and vanishes!
Deactivating autopickup; reactivate with Ctrl-A.
The orc hits your howler monkey zombie with a +0 short sword.
Your howler monkey zombie misses something.
The orc priest mumbles some strange prayers to Beogh against you.
Pain shoots through your body!
* * * LOW HITPOINT WARNING * * *
Your gnoll zombie closely misses the orc priest.
You take 9 damage, and have 19/73 hp.
The orc priest shouts, "Join the one true god or die!"
You hit the orc priest.
The orc priest looks as sick as possible!
The orc priest hits your howler monkey zombie with a +0 flail.
Your howler monkey zombie is destroyed!
You feel much better.
The orc priest hits your gnoll zombie with a +0 flail.
The orc warrior hits you with a +0 glaive!
Your gnoll zombie hits the orc priest but does no damage.
You regained 4 hp, and now have 23/73 hp.
You hit the orc priest.
You kill the orc priest!
The orc warrior closely misses you.
You hear some strange, mumbled words.
A puff of flame appears from out of thin air!
The puff of flame misses you.
The orc hits your gnoll zombie with a +0 short sword.
Your gnoll zombie barely misses the orc.
The orc warrior hits you from afar with a +0 glaive!
* * * LOW HITPOINT WARNING * * *
You take 15 damage, and have 9/74 hp.
MASSIVE DAMAGE!!
You now have 1/8 mp.
It was a potion of flight.
You feel very buoyant.
You fly up into the air.
The orc hits your gnoll zombie with a +0 short sword.
Your gnoll zombie hits the orc.
The orc warrior barely misses you.
It was a potion of invisibility.
You fade into invisibility!
Something hits you.
* * * LOW HITPOINT WARNING * * *
The orc hits your gnoll zombie with a +0 short sword.
Your gnoll zombie hits the orc.
The orc warrior hits you from afar with a +0 glaive.
* * * LOW HITPOINT WARNING * * *
You take 2 damage, and have 7/74 hp.
It was a potion of magic.
Magic courses through your body. Something hits you but does no damage.
The orc hits your gnoll zombie with a +0 short sword.
Your gnoll zombie is destroyed!
The orc warrior hits you from afar with a +0 glaive!
You die...
Your body rises from the dead as a mindless zombie.

## . .. #.#. #.#.#.
#### #.....###..#
#......# ##)o.@.#
#.#...#####
#..o.#....#
#...#.....#
#.##.....##
#.##..#..#
#..Z.....# ####
###[####... #...
#...Z###########.##


You could see an orc warrior and an orc.

Vanquished Creatures
  Sigmund (D:2)
  2 steam dragons
  A sky beast (D:5)
  A wyvern skeleton (D:6)
  A howler monkey (D:6)
  A jelly (D:4)
  A gnoll shaman (D:5)
  2 orc priests
  A centaur skeleton (D:4)
  2 iguanas (D:4)
  Natasha (thrice) (D:2)
  A hound zombie (D:5)
  A hound skeleton (D:4)
  11 gnolls
  7 adders
  An adder skeleton (D:4)
  3 worms
  A dart slug (D:1)
  9 orcs
  4 ball pythons
  6 bats
  13 endoplasms
  3 giant cockroaches
  8 hobgoblins
  6 jackals
  4 quokkas
  2 frilled lizards
  5 goblins
  8 kobolds
  8 rats
117 creatures vanquished.

Vanquished Creatures (others)
  A howler monkey zombie (D:6)
  A gnoll zombie (D:6)
  17 plants
19 creatures vanquished.

Grand Total: 136 creatures vanquished

Notes
Turn   | Place    | Note
-------+----------+-------------------------------------------
     0 | D:5      | murtidash the Hill Orc Delver began the quest for the Orb.
     0 | D:5      | Reached XP level 1. HP: 19/19 MP: 1/1
    56 | D:5      | Found a white marble altar of Elyvilon.
    57 | D:5      | Noticed a sky beast
   136 | D:4      | Reached skill level 3 in Axes
   136 | D:4      | Reached XP level 2. HP: 10/27 MP: 2/2
   434 | D:3      | Reached skill level 1 in Armour
   469 | D:3      | Reached skill level 4 in Fighting
   610 | D:1      | HP: 3/27 [quokka (3)]
   611 | D:1      | HP: 1/27 [quokka (2)]
  1063 | D:1      | Found a faded altar of an unknown god.
  1081 | D:1      | Reached XP level 3. HP: 33/33 MP: 3/3
  2079 | D:2      | Reached skill level 2 in Armour
  2079 | D:2      | Reached XP level 4. HP: 39/41 MP: 4/4
  2112 | D:2      | Reached skill level 4 in Axes
  2675 | D:2      | Noticed Sigmund
  2699 | D:2      | Killed Sigmund
  2700 | D:2      | Reached skill level 5 in Fighting
  2700 | D:2      | Reached skill level 5 in Axes
  2700 | D:2      | Reached skill level 3 in Armour
  2700 | D:2      | Reached XP level 5. HP: 28/48 MP: 2/5
  2700 | D:2      | Reached XP level 6. HP: 33/56 MP: 2/6
  2834 | D:2      | Noticed Natasha
  2841 | D:2      | Killed Natasha
  2866 | D:2      | Noticed Natasha
  2882 | D:2      | Killed Natasha
  3213 | D:2      | Noticed Natasha
  3217 | D:2      | Killed Natasha
  3273 | D:3      | Reached skill level 4 in Armour
  3523 | D:3      | Reached skill level 6 in Fighting
  3698 | D:3      | Reached XP level 7. HP: 58/63 MP: 5/7
  4218 | D:4      | Reached skill level 6 in Axes
  4691 | D:4      | Noticed a steam dragon
  4699 | D:4      | Killed a steam dragon
  4700 | D:4      | Reached skill level 5 in Armour
  5303 | D:5      | Identified the +5 dagger of Spite {pain, rPois rC+}
  5367 | D:5      | Found a staircase to the Ecumenical Temple.
  5377 | D:5      | Reached skill level 7 in Fighting
  5386 | Temple   | Entered the Ecumenical Temple
  5707 | Temple   | Became a worshipper of Yredelemnul the Dark
  5742 | D:5      | Noticed a steam dragon
  5752 | D:5      | Killed a steam dragon
  5753 | D:5      | Reached skill level 7 in Axes
  5753 | D:5      | Reached skill level 1 in Necromancy
  5753 | D:5      | Reached XP level 8. HP: 30/73 MP: 4/8
  6031 | D:5      | Reached * piety under Yredelemnul
  6549 | D:6      | HP: 6/73 [orc priest/nerve-wracking pain (11)]
  6556 | D:6      | HP: 9/74 [orc warrior (15)]
  6559 | D:6      | Slain by an orc warrior

Illustrated notes

Levels and vault maps discovered:
D:1:      evilmike_arrival_rings, layout_basic, basic_ecumenical_altar,
          chequers_serial_rivers_micro_a, minmay_splitting_lines,
          roderic_serpentine_path, nicolae_wormholes
D:2:      layout_loops_cross, uniq_sigmund, uniq_natasha
D:3:      layout_rooms, serial_bayou, serial_bayou_pond_b, serial_bayou_shore_a,
          serial_bayou_lake_a, serial_bayou_shore_b
D:4:      layout_loops_cross
D:5:      layout_rooms, elyvilon_altar_5, minmay_temple_entry_sparse_star
D:6:      layout_loops_ring, chequers_serial_rivers_micro_d,
          hangedman_abyss_or_decor_jellyfish_corner, serial_bayou_pond_d
Temple:   roderic_octagonal_lattice_temple

Skill      XL: |  1  2  3  4  5  6  7 |
---------------+----------------------+-----
Axes           | 3 5 7 |  7.7
Armour         | 1 2 3 4 5 |  5.9
Fighting       | 4 5 6 7 |  7.6
Necromancy     | 1 |  1.0
Dodging        | |  1.5
Stealth        | |  4.1

Action                   |  1- 3 |  4- 6 |  7- 9 || total
-------------------------+-------+-------+-------++-------
Melee: Hand axe          |    60 |       |       ||    60
       Short sword       |    44 |   130 |   129 ||   303
       Punch             |     3 |     3 |     4 ||    10
Evoke: Wand              |       |     2 |     4 ||     6
  Use: Potion            |       |     1 |     5 ||     6
 Stab: Sleeping          |     4 |     2 |     6 ||    12
       Distracted        |       |     1 |       ||     1
Armor: Leather armour    |    25 |    20 |    27 ||    72
Dodge: Dodged            |    61 |    76 |    83 ||   220

Table legend: (Time is in decaauts)
 A = Elapsed time spent in this place.
 B = Non-inter-level travel time spent in this place.
 C = Inter-level travel time spent in this place.
 D = Time resting spent in this place.
 E = Time spent auto-exploring this place.
 F = Levels seen in this place.
 G = Mean time per level.
                   A        B        C        D        E       F      G
               +--------+--------+--------+--------+--------+-----+--------+
         Total |   6643 |   6450 |    193 |    340 |   4932 |   7 |  949.0 |
       Dungeon |   6308 |   6143 |    165 |    340 |   4648 |   6 | 1051.3 |
        Temple |    335 |    307 |     28 |      0 |    284 |   1 |  335.0 |
               +--------+--------+--------+--------+--------+-----+--------+

Top non-repeatable levels by time:
     D:1: 1521 daAuts
     D:4: 1327 daAuts
     D:2: 1278 daAuts
     D:5: 995 daAuts
     D:3: 882 daAuts
  Temple: 335 daAuts
     D:6: 301 daAuts

Table legend:
 A = Kills in this place as a percentage of kills in entire the game.
 B = Kills by you in this place as a percentage of kills by you in the entire game.
 C = Kills by friends in this place as a percentage of kills by friends in the entire game.
 D = Other kills in this place as a percentage of other kills in the entire game.
 E = Experience gained in this place as a percentage of experience gained in the entire game.
 F = Experience gained in this place divided by the number of levels of this place that you have seen.
                   A       B       C       D       E      F
               +-------+-------+-------+-------+-------+----------------------
         Total | 100.0 | 100.0 |   N/A |   N/A | 100.0 | 243.3
       Dungeon | 100.0 | 100.0 |   N/A |   N/A | 100.0 | 283.8
               +-------+-------+-------+-------+-------+----------------------
